 Dungeon Crawl Stone Soup version 0.17-a0-1636-g3119f2b (webtiles) character file.

3655 Goblin1989 the Geomancer (level 9, -9/82 HPs)
             Began as a Deep Dwarf Earth Elementalist on Aug 4, 2015.
             Was a Believer of Makhleb.
             Mangled by a two-headed ogre
             ... wielding a cursed -1 giant club
              (12 damage)
             ... on level 9 of the Dungeon on Aug 5, 2015.
             The game lasted 01:12:27 (7972 turns).

Goblin1989 the Geomancer (DDEE)                     Turns: 7972, Time: 01:12:27

Health: -9/82      AC:  6    Str: 12    XL:     9   Next: 88%
Magic:  11/14      EV: 15    Int: 19    God:    Makhleb [**....]
Gold:   438        SH:  0    Dex: 13    Spells: 5 memorised, 6 levels left

rFire  . . .     SeeInvis .     H - +4 whip
rCold  . . .     Clarity  .     j - +2 robe {rN+}
rNeg   + . .     SustAt   .     (no shield)
rPois  +         Gourm    .     (no helmet)
rElec  .         Spirit   .     f - +1 cloak
rCorr  .         Warding  .     (no gloves)
rMut   .         Stasis   .     (no boots)
MR     +....                    (no amulet)
Stlth  ++........               (no ring)
                                I - ring of poison resistance

@: non-regenerating, somewhat resistant to hostile enchantments, unstealthy
A: damage resistance, recharge devices, sense surroundings 2, slow healing 3
a: Device Recharging, Minor Destruction, Renounce Religion


You were on level 9 of the Dungeon.
You worshipped Makhleb.
Makhleb was pleased with you.
You were not hungry.

You visited 2 branches of the dungeon, and saw 10 of its levels.

You collected 438 gold pieces.

Inventory:

Hand weapons
 m - a +0 dagger of venom
 w - a +2 spear of freezing
 H - a +4 whip (weapon)
Missiles
 a - a stone (quivered)
 A - 12 poisoned needles
Armour
 f - a +1 cloak (worn)
 j - a +2 robe of positive energy (worn)
Jewellery
 I - a ring of poison resistance (left hand)
Magical devices
 b - a wand of lightning (4)
 d - a wand of heal wounds (3)
 y - a wand of teleportation (1)
 F - a wand of random effects (30)
 M - a wand of slowing (18)
Scrolls
 g - 2 scrolls of teleportation {unknown}
 i - 4 scrolls of enchant weapon {unknown}
 l - a scroll of noise {unknown}
 n - a scroll of blinking {unknown}
 p - a scroll of vulnerability {unknown}
 q - a scroll of magic mapping {unknown}
 t - a scroll of remove curse {unknown}
 v - a scroll of amnesia {unknown}
 L - 2 scrolls of recharging {unknown}
 Q - a scroll of fog {unknown}
Potions
 k - 3 potions of heal wounds
 o - a potion of beneficial mutation
 r - a potion of haste {unknown}
 u - a potion of flight
 x - a potion of magic {unknown}
 z - a potion of brilliance {unknown}
 D - a potion of poison {unknown}
 E - a potion of cure mutation {unknown}
 K - 3 potions of curing {unknown}
 N - a potion of degeneration {unknown}
 P - 2 potions of mutation {unknown}
Books
 c - a book of Geomancy

   Spells                             Type                      Level
   a - Sandblast                      Earth                        1
   b - Stoneskin                      Transmutation/Earth          2
   c - Passwall                       Transmutation/Earth          3
   d - Stone Arrow                    Conjuration/Earth            3
   e - Petrify                        Transmutation/Earth          4
   f - Lee's Rapid Deconstruction     Earth                        5
 s - a book of Minor Magic

   Spells                             Type                      Level
   a - Magic Dart                     Conjuration                  1
   b - Blink                          Translocation                2
   c - Call Imp                       Summoning                    2
   d - Repel Missiles                 Charms/Air                   2
   e - Slow                           Hexes                        2
   f - Conjure Flame                  Conjuration/Fire             3
   g - Mephitic Cloud                 Conjuration/Poison/Air       3
 B - a Grand Grimoire

   Spells                             Type                      Level
   a - Monstrous Menagerie            Summoning                    6
   b - Summon Greater Demon           Summoning                    7
   c - Malign Gateway                 Summoning/Translocation      7
   d - Summon Horrible Things         Summoning                    8
 G - a book of Spatial Translocations

   Spells                             Type                      Level
   a - Apportation                    Translocation                1
   b - Blink                          Translocation                2
   c - Shroud of Golubria             Charms/Translocation         2
   d - Portal Projectile              Translocation                3
   e - Teleport Other                 Translocation                3
   f - Passage of Golubria            Translocation                4
 O - a book of Ice

   Spells                             Type                      Level
   a - Ice Form                       Ice/Transmutation            4
   b - Metabolic Englaciation         Hexes/Ice                    5
   c - Ozocubu's Refrigeration        Ice                          6
   d - Bolt of Cold                   Conjuration/Ice              6
   e - Freezing Cloud                 Conjuration/Ice/Air          6
   f - Simulacrum                     Ice/Necromancy               6
Comestibles
 e - 7 bread rations
 h - 2 beef jerkies
 C - 5 chunks of flesh
 J - a royal jelly


   Skills:
 + Level 5.9 Fighting
 * Level 6.7 Dodging
 - Level 2.4 Stealth
 - Level 5.7 Spellcasting
 + Level 2.4 Conjurations
 - Level 0.8 Transmutations
 + Level 11.4 Earth Magic


You had 6 spell levels left.
You knew the following spells:

 Your Spells              Type           Power        Failure   Level  Hunger
a - Sandblast             Erth           #####.       1%          1    None
b - Stoneskin             Trmt/Erth      ####....     1%          2    None
c - Repel Missiles        Chrm/Air       #.....       21%         2    None
d - Stone Arrow           Conj/Erth      ####..       1%          3    ##.....
e - Lee's Rapid Deconstr  Erth           #####.....   3%          5    #####..


Dungeon Overview and Level Annotations

Branches:
Dungeon (9/15)             Temple (1/1) D:5
   Lair: D:8-11         Orc: D:9-12

Altars:
Ashenzari
Cheibriados
Dithmenos
Elyvilon
Fedhas
Gozag
Kikubaaqudgha
Makhleb
Nemelex Xobeh
Okawaru
Qazlal
Ru
Sif Muna
Trog
Vehumet
Xom
Yredelemnul
Zin
The Shining One

Annotations:
D:3 Grinder
D:4 Pikel
D:7 exclusion: upstairs, Joseph
D:9 4thArraOfDagon's ghost, experienced CeBe


Innate Abilities, Weirdness & Mutations

You are resistant to damage.
You can recharge devices by infusing magical energy.
You passively map the area around you.
You do not heal naturally.


Message History

4thArraOfDagon's ghost hits you!!
Your surroundings suddenly seem different.
An orc comes into view.
The orc shouts!
The two-headed ogre hits you with a giant club!
* * * LOW HITPOINT WARNING * * *
The two-headed ogre misses you.
Found 7 gold pieces.
Found a stone staircase leading down.
An orc and a two-headed ogre come into view.
Casting: Stone Arrow
Confirm with . or Enter, or press ? or * to list all spells.
Aiming: Stone Arrow
Press: ? - help, Shift-Dir - straight line, f - two-headed ogre
Aim: a two-headed ogre, wielding a giant club and a dire flail The stone arrow hits the two-headed ogre.
The two-headed ogre is severely wounded.
The two-headed ogre hits you with a giant club!!
* * * LOW HITPOINT WARNING * * *
The two-headed ogre hits you with a dire flail!
You die...

, , *** ,
#.......##, ,
....o.....,***
, , , *
#.o.....#** ,
, ,, #.....$.#
,, ,,
#.......# , *
* ** #.......#
#.......# ,, *
#.@O....# **,
* #####.### *
* , * #####+#
* * + *
#...... ,, ,
+...... , ,, ,
#...... , * *
, #...... ,, *
,, #......


You could see a two-headed ogre and 2 orcs.

Vanquished Creatures
  Maurice (D:8)
  Psyche (D:8)
  A sky beast (D:6)
  2 orc warriors
  An ice beast (D:8)
  2 ogres
  3 phantoms
  A necrophage (D:7)
  A crocodile (D:7)
  3 centaurs
  5 giant frogs
  A scorpion (D:5)
  4 wights (D:8)
  A jelly (D:8)
  2 crimson imps
  A centaur zombie (D:7)
  A giant frog zombie (D:8)
  5 hounds
  2 giant frog skeletons
  6 orc priests
  8 orc wizards
  An iguana (D:8)
  Terence (D:2)
  2 centaur skeletons (D:8)
  6 worker ants
  A hound zombie (D:6)
  A hound skeleton (D:7)
  4 gnolls (D:5)
  4 adders
  An ooze (D:3)
  2 adder skeletons
  5 giant geckos
  36 orcs
  A ball python (D:2)
  8 bats
  2 giant cockroaches
  7 hobgoblins
  8 kobolds
  4 giant newts
  6 goblins
  8 jackals
  2 quokkas
  2 quokka skeletons
  10 rats
174 creatures vanquished.

Vanquished Creatures (others)
  An orc wizard (D:8)
  A plant (D:7)
2 creatures vanquished.

Grand Total: 176 creatures vanquished

Notes
Turn   | Place    | Note
--------------------------------------------------------------
     0 | D:1      | Goblin1989 the Deep Dwarf Earth Elementalist began the quest for the Orb.
     0 | D:1      | Reached XP level 1. HP: 15/15 MP: 3/3
   366 | D:1      | Reached XP level 2. HP: 24/24 MP: 2/4
   374 | D:1      | Learned a level 2 spell: Stoneskin
   443 | D:1      | Reached skill level 1 in Fighting
  1006 | D:2      | Reached XP level 3. HP: 26/31 MP: 2/5
  1054 | D:2      | Reached skill level 5 in Earth Magic
  1127 | D:2      | Noticed Terence
  1157 | D:2      | Killed Terence
  1250 | D:2      | Learned a level 2 spell: Repel Missiles
  1468 | D:2      | Reached XP level 4. HP: 23/38 MP: 5/7
  1925 | D:3      | Noticed Grinder
  1961 | D:3      | Upgraded the game from 0.17-a0-1635-gd4e48f1 to 0.17-a0-1636-g3119f2b
  2425 | D:4      | Reached skill level 6 in Earth Magic
  2425 | D:4      | Reached XP level 5. HP: 26/45 MP: 6/8
  2575 | D:4      | Noticed Pikel
  2575 | D:4      | Noticed a slave
  2576 | D:4      | Noticed a slave
  2645 | D:4      | Noticed a phantom
  2652 | D:4      | Killed a phantom
  2825 | D:4      | Reached XP level 6. HP: 39/55 MP: 6/10
  2826 | D:4      | Reached skill level 7 in Earth Magic
  3039 | D:5      | Entered Level 5 of the Dungeon
  3082 | D:5      | Found a glowing golden altar of the Shining One.
  3129 | D:5      | Found a staircase to the Ecumenical Temple.
  3141 | Temple   | Entered the Ecumenical Temple
  3441 | D:5      | Reached skill level 8 in Earth Magic
  3441 | D:5      | Reached XP level 7. HP: 35/62 MP: 8/12
  4040 | D:5      | Learned a level 3 spell: Stone Arrow
  4046 | D:5      | Learned a level 5 spell: Lee's Rapid Deconstruction
  4080 | D:6      | Reached skill level 9 in Earth Magic
  4179 | D:6      | Found an iron altar of Okawaru.
  4181 | D:6      | Found a snail-covered altar of Cheibriados.
  4304 | D:6      | Reached XP level 8. HP: 64/72 MP: 9/12
  4423 | D:6      | Reached skill level 10 in Earth Magic
  4634 | D:6      | Found a sacrificial altar of Ru.
  5292 | D:7      | Found a burning altar of Makhleb.
  5304 | D:7      | Became a worshipper of Makhleb the Destroyer
  5328 | D:7      | Found a sparkling altar of Nemelex Xobeh.
  5413 | D:7      | Noticed Joseph
  5430 | D:6      | Found a basalt altar of Yredelemnul.
  5430 | D:6      | Found a shimmering altar of Xom.
  5741 | D:8      | Reached skill level 11 in Earth Magic
  5799 | D:8      | Reached skill level 5 in Spellcasting
  5805 | D:8      | Reached skill level 5 in Fighting
  5954 | D:8      | Gained mutation: You passively map the area around you. [Deep Dwarf growth]
  5954 | D:8      | Reached XP level 9. HP: 46/80 MP: 4/14
  5973 | D:8      | Acquired Makhleb's first power
  6594 | D:8      | Noticed Psyche
  6611 | D:8      | Killed Psyche
  6611 | D:8      | Reached skill level 5 in Dodging
  6611 | D:8      | Reached skill level 1 in Conjurations
  6666 | D:8      | Noticed Maurice
  6855 | D:8      | Acquired Makhleb's second power
  6884 | D:8      | Killed Maurice
  7959 | D:9      | Noticed 4thArraOfDagon's ghost (experienced CeBe)
  7972 | D:9      | HP: 3/82 [two-headed ogre/giant club (18)]
  7972 | D:9      | Mangled by a two-headed ogre

Vault maps used:
D:1:      dpeg_arrival_round_c, minmay_ruptured
D:2:      wad_pebble_path, uniq_terence
D:3:      first_bread, serial_bayou_pond_d, kennysheep_boxes, uniq_grinder
D:4:      small_statue_intersection, grunt_ministairs_2,
          minmay_tree_intersection, hangedman_abyss_or_decor_stabs, uniq_pikel
D:5:      lemuel_coloured_pillars_altar, minmay_temple_entry_mist
D:6:      lemuel_ice_spiral_2, nicolae_overflow_hidden_temple,
          corexii_hall_statues_s, nicolae_sextant, minmay_misc_feat_hallway,
          nicolae_ru_path_of_blood
D:7:      kennysheep_orc_sif_temple, makhleb_blood_cavern_becter, nemelex_deck,
          serial_bayou, serial_bayou_shore_a, serial_bayou_lagoon_b,
          serial_bayou_lagoon_a, serial_bayou_crossing, uniq_joseph
D:8:      uniq_psyche, uniq_maurice
D:9:      david_orc_2, hangedman_decor_opposing
Temple:   circular_temple_pool_12

Action                   |  1- 3 |  4- 6 |  7- 9 || total
-------------------------+-------+-------+-------++-------
Melee: Whip              |    13 |       |   205 ||   218
Throw: Stone             |     1 |       |       ||     1
 Cast: Sandblast         |    49 |    78 |    94 ||   221
       Stoneskin         |       |     1 |       ||     1
       Stone Arrow       |       |       |    47 ||    47
       Lee's Rapid Decon |       |       |     6 ||     6
       Repel Missiles    |       |       |     2 ||     2
 Abil: Device Recharging |       |       |     3 ||     3
Evoke: Wand              |     1 |     2 |    12 ||    15
  Use: Scroll            |       |       |     6 ||     6
       Potion            |       |       |     2 ||     2
 Stab: Sleeping          |       |       |     1 ||     1
  Eat: Chunk             |     2 |     7 |    10 ||    19
       Royal jelly       |       |       |     1 ||     1
       Beef jerky        |       |       |     1 ||     1
       Meat ration       |       |       |     1 ||     1
